 Dungeon Crawl Stone Soup version 0.24.0-1-gfbc8707 (webtiles) character file.

Game seed: 11540610338011344490, levelgen mode: deterministic

65 Belboz the Poker (level 4, -3/37 HPs)
             Began as a Merfolk Monk on Oct 25, 2019.
             Slain by Sigmund
             ... wielding a +0 scythe
              (8 damage)
             ... on level 2 of the Dungeon.
             The game lasted 00:02:11 (1340 turns).

Belboz the Poker (Merfolk Monk)                     Turns: 1340, Time: 00:02:12

Health: -3/37      AC:  5    Str: 12    XL:     4   Next: 14%
Magic:  4/4        EV: 15    Int:  9    God:
Gold:   20         SH:  0    Dex: 16    Spells: 3/3 levels left

rFire    . . .     SeeInvis .   m - -2 hand axe (curse)
rCold    . . .     Gourm    .   (no shield)
rNeg     + . .     Faith    .   b - +0 robe
rPois    .         Spirit   .   d - +2 hat {MR+}
rElec    .         Reflect  .   (no cloak)
rCorr    .         Harm     .   (no gloves)
MR       +....                  e - +0 pair of boots
Stlth    ++........             (no amulet)
HPRegen  0.12/turn              i - ring of positive energy
MPRegen  0.09/turn              (no ring)

@: no status effects
A: change form in water, swift swim, stealthy swim
a: no special abilities


You were on level 2 of the Dungeon.
You were hungry.

You visited 1 branch of the dungeon, and saw 2 of its levels.

You collected 20 gold pieces.

Inventory:

Hand Weapons
 a - a +0 spear
 m - a cursed -2 hand axe (weapon)
Missiles
 h - 22 stones (quivered)
Armour
 b - a +0 robe (worn)
 d - a +2 hat of magic resistance (worn)
 e - a +0 pair of boots (worn)
Jewellery
 i - a ring of positive energy (left hand)
Scrolls
 f - a scroll of identify
Potions
 g - a potion of haste
Comestibles
 c - 2 rations


   Skills:
 + Level 3.9 Fighting
 * Level 6.0 Polearms
 + Level 4.7 Dodging
 - Level 2.1 Stealth


You had 3 spell levels left.
You didn't know any spells.
Your spell library was empty.

Dungeon Overview and Level Annotations

Branches:
Dungeon (2/15)

Altars:

Annotations:
D:2 Natasha, Sigmund


Message History

You closely miss something. Something barely misses you.
You completely miss something. Something hits you!
You barely miss something.
You hear some strange, mumbled words.
A magic dart appears from out of thin air!
The magic dart hits you.
You barely miss something. Something hits you but does no damage.
You miss something. Something hits you.
You miss something. Something hits you.
You hit something. You closely miss something. Something hits you.
You hit something. Something barely misses you.
You closely miss something. Something completely misses you.
You hit something but do no damage.
You hear some strange, mumbled words.
A puff of flame appears from out of thin air!
The puff of flame hits you!
* * * LOW HITPOINT WARNING * * *
You miss something. Something hits you!
You die...

..##.....# ##.## **********,***
.........# #...## *,,,,**,,,,,,,
......<..# #....# **##,*,,,*,,,*
.........# #....# *..#,*,,***,**
......>..# #....####..#,*,,,*,,,*
.......######.........#,**,,,,_,,
....##.#..............#)**,,*,,,*
....##.#........†.......**,***,**
....##.#..###.#.@{...#*,,,,,*,,,*
....##.#,,* #.#......#***,,,,,,,,
....##.######.#......# *,,,,,,,,
######........#......# *********
##########......# #......#
#......# #......# *,,,,,,*


There were no monsters in sight!

Vanquished Creatures
  Natasha (D:2)
  2 adders (D:2)
  2 leopard geckos (D:2)
  A giant cockroach (D:2)
  2 goblins (D:1)
  A ball python (D:1)
  2 bats
  A frilled lizard (D:1)
  6 kobolds
  8 rats
  A plant (D:1)
27 creatures vanquished.

Notes
Turn   | Place    | Note
-------+----------+-------------------------------------------
     0 | D:1      | Belboz the Merfolk Monk began the quest for the Orb.
     0 | D:1      | Reached XP level 1. HP: 18/18 MP: 1/1
   340 | D:1      | Reached XP level 2. HP: 22/24 MP: 2/2
   503 | D:1      | Reached skill level 5 in Polearms
   823 | D:2      | Reached XP level 3. HP: 29/29 MP: 3/3
   893 | D:2      | Noticed Natasha
   903 | D:2      | Killed Natasha
  1056 | D:2      | Reached XP level 4. HP: 25/37 MP: 4/4
  1214 | D:2      | Noticed Natasha
  1312 | D:2      | Noticed Sigmund
  1324 | D:2      | Reached skill level 6 in Polearms
  1340 | D:2      | Slain by Sigmund

Levels and vault maps discovered:
D:1:      roderic_crop_circles_arrival_large, layout_basic
D:2:      layout_basic, vehumet_crystals, gammafunk_temple_overflow_statue,
          uniq_sigmund, uniq_natasha, uniq_crazy_yiuf_cottage

Skill      XL: |  1  2  3  4 |
---------------+-------------+-----
Polearms       | 5 6 |  6.0
Fighting       | |  3.9
Dodging        | |  4.7
Stealth        | |  2.1

Action                   |  1- 3 |  4- 6 || total
-------------------------+-------+-------++-------
Melee: Spear             |   137 |       ||   137
       Hand axe          |       |    33 ||    33
  Use: Scroll            |       |     4 ||     4
 Stab: Sleeping          |     4 |       ||     4
  Eat: Chunk             |     1 |       ||     1
Armor: Robe              |    14 |     4 ||    18
Dodge: Dodged            |    59 |    25 ||    84
